 Dungeon Sprint DCSS version bcrawl-1.12-11-gb93c957c58 (webtiles) character file.

Game seed: 13977109115869806986

413 Groucho the Unseen (level 6, 0/32 HPs)
             Began as a Felid Berserker on June 23, 2019.
             Was a Priest of Trog.
             Slain by a spriggan druid
             ... wielding a cursed -3 quarterstaff
              (12 damage)
             ... in the Dungeon (Sprint IV: "Fedhas' Mad Dash").
             The game lasted 00:01:23 (228 turns).

Groucho the Unseen (Felid Berserker)                 Turns: 228, Time: 00:01:24

Health: 0/32       AC:  2    Str: 13    XL:     6   Next: 90%
Magic:  7/7        EV: 19    Int:  8    God:    Trog [***...]
Gold:   108        SH:  0    Dex: 18    Spells: 5/5 levels left
                                        Lives:  0   Deaths: 1

rFire    . . .     SeeInvis +     - Unarmed
rCold    . . .     Gourm    .   (shield unavailable)
rNeg     . . .     Faith    .   (armour unavailable)
rPois    .         Spirit   .   (helmet unavailable)
rElec    .         Reflect  .   (cloak restricted)
rCorr    .         Harm     .   (gloves unavailable)
MR       .....     NoTele   +   (boots unavailable)
Stlth    ++++++++..             h - amulet of invisibility {+Inv}
HPRegen  0.10/turn              (no ring)
MPRegen  0.10/turn              (no ring)

@: quick
A: very small, no armour, no weapons or thrown items, stealth, claws 1, fangs 3,
see invisible, carnivore, speed 1, shaggy fur 2, slow metabolism 1, sharp paws
a: Berserk, Trog's Hand, Renounce Religion, Evoke Invisibility


You were in the Dungeon.
You worshipped Trog.
Trog was most pleased with you.
You were not hungry.

You visited 1 branch You collected 108 gold pieces.

Inventory:

Jewellery
 h - the amulet of invisibility (around neck) {+Inv}
   (You found it in the Dungeon)

   [amulet of nothing]

   It lets you turn invisible.
Scrolls
 g - a scroll of blinking
Potions
 b - a potion of curing
 c - a potion of heal wounds
 d - a potion of haste
 e - 2 potions of magic
 f - a potion of berserk rage
Comestibles
 a - a ration {!d}


   Skills:
 - Level 3.0 Fighting
 - Level 4.0 Dodging
 + Level 18.7 Stealth
 - Level 3.6 Unarmed Combat


You had 5 spell levels left.
You didn't know any spells.
Your spell library was empty.

Dungeon Overview and Level Annotations

Branches:
Dungeon (1/1)

Altars:
Cheibriados
Dithmenos
Elyvilon
Gozag
Hepliaklqana
Kikubaaqudgha
Lugonu
Makhleb
Nemelex Xobeh
Okawaru
Qazlal
Ru
Sif Muna
Trog
Uskayaw
Vehumet
Wu Jian
Xom
Yredelemnul
Zin
The Shining One
Beogh
Jiyva

Annotations:
D exclusion: oklob sapling


Innate Abilities, Weirdness & Mutations

You cannot wear almost all types of armour.
You are incapable of wielding weapons or throwing items.
Your paws allow you to move quietly. (Stealth)
You have sharp claws.
You have razor-sharp teeth.
You have supernaturally acute eyesight. (SInv)
You are carnivorous and can eat meat at any time.
You cover ground quickly.
You are covered in thick fur. (AC +2)
You have a slow metabolism.
Your sharp claws are effective at attacking unaware monsters.


Message History

Your Stealth skill gained 3 levels and is now at level 18!
You have reached level 6!
Your experience leads to an increase in your attributes!
Increase (S)trength, (I)ntelligence, or (D)exterity?
You feel agile.
Your fur grows into a thick mane.
A spriggan druid comes into view. It is wielding a -3 quarterstaff.
Unknown command.
Unknown command.
There is an open door here.
The spriggan druid shouts!
The spriggan druid mumbles some strange words.
The forest starts to sway and rumble!
Found 32 gold pieces.
You claw the spriggan druid! Your bite misses the spriggan druid.
The spriggan druid is lightly wounded.
You are hit by a branch!!
Ouch! That really hurt!
The spriggan druid hits you with a cursed -3 quarterstaff!
You die...

.#.....#.⌠._._._._.⌠.#.)+
.'.#(..'.._._._._._..'†P#
.#.#...#..._._._._...#..#
#####'##.._._._._._..#.?#
+...#._._._._._.⌠.####
#...############### #####
♣..♣ ##.+ ♣..♣##:.#
♣i@###.# ♣.$$♣'...#
##########


You could see a spriggan druid.

Vanquished Creatures
  An oklob plant (D)
  3 oklob saplings (D)
  A worker ant (D)
  A river rat (D)
  A rat (D)
7 creatures vanquished.

Notes
Turn   | Place    | Note
-------+----------+-------------------------------------------
     0 | D        | Groucho the Felid Berserker began the quest for the Orb.
     0 | D        | Reached XP level 1. HP: 12/12 MP: 2/2
     3 | D        | Reached skill level 2 in Stealth
     3 | D        | Reached skill level 4 in Stealth
    16 | D        | Reached skill level 7 in Stealth
    16 | D        | Reached XP level 2. HP: 16/16 MP: 3/3
    16 | D        | Noticed an oklob sapling
    17 | D        | Killed an oklob sapling
    17 | D        | Reached ** piety under Trog
    19 | D        | Reached skill level 8 in Stealth
    19 | D        | Reached XP level 3. HP: 20/20 MP: 4/4
    20 | D        | Found the amulet of invisibility {+Inv}
    43 | D        | Reached skill level 9 in Stealth
    43 | D        | Noticed an oklob sapling
    47 | D        | Killed an oklob sapling
   186 | D        | Found an opulent altar of Gozag.
   186 | D        | Found a hazy altar of Hepliaklqana.
   186 | D        | Found a burning altar of Makhleb.
   186 | D        | Found a roughly hewn altar of Beogh.
   186 | D        | Found a sparkling altar of Nemelex Xobeh.
   186 | D        | Found a snail-covered altar of Cheibriados.
   186 | D        | Found a sacrificial altar of Ru.
   186 | D        | Found a deep blue altar of Sif Muna.
   186 | D        | Found a shimmering altar of Xom.
   186 | D        | Found a basalt altar of Yredelemnul.
   188 | D        | Found a viscous altar of Jiyva.
   188 | D        | Found a bloodstained altar of Trog.
   188 | D        | Found an ornate altar of the Wu Jian Council.
   188 | D        | Reached skill level 10 in Stealth
   188 | D        | Reached XP level 4. HP: 24/24 MP: 2/5
   188 | D        | Noticed an oklob sapling priest
   189 | D        | Found an iron altar of Okawaru.
   189 | D        | Found a shadowy altar of Dithmenos.
   189 | D        | Found a glowing silver altar of Zin.
   190 | D        | Found an ancient bone altar of Kikubaaqudgha.
   190 | D        | Found a hide-covered altar of Uskayaw.
   191 | D        | Found a stormy altar of Qazlal.
   191 | D        | Found a white marble altar of Elyvilon.
   191 | D        | Found a glowing golden altar of the Shining One.
   192 | D        | Found a corrupted altar of Lugonu.
   192 | D        | Found a radiant altar of Vehumet.
   195 | D        | Killed an oklob sapling priest
   203 | D        | Reached skill level 11 in Stealth
   210 | D        | Killed from afar by an oklob sapling wizard
   211 | D        | Reached XP level 3. HP: -1/20 MP: 3/4
   212 | D        | Reached skill level 15 in Stealth
   212 | D        | Reached XP level 4. HP: 24/24 MP: 5/5
   212 | D        | Reached XP level 5. HP: 28/28 MP: 6/6
   212 | D        | Noticed an oklob plant conjurer
   214 | D        | Killed an oklob plant conjurer
   214 | D        | Reached *** piety under Trog
   225 | D        | Reached skill level 18 in Stealth
   225 | D        | Gained mutation: You are covered in thick fur. (AC +2)
                  | [Felid growth]
   225 | D        | Reached XP level 6. HP: 32/32 MP: 7/7
   225 | D        | Noticed a spriggan druid
   228 | D        | Slain by a spriggan druid

Skill      XL: |  1  2  3  4  5 |
---------------+----------------+-----
Stealth        | 7 8 15 11 18 | 18.7
Fighting       | |  3.0
Dodging        | |  4.0
Unarmed Combat | |  3.6

Action                   |  1- 3 |  4- 6 || total
-------------------------+-------+-------++-------
Melee: Unarmed           |     6 |     8 ||    14
       Bite              |     1 |     2 ||     3
 Abil: Evoke Invisibilit |     2 |       ||     2
 Stab: Sleeping          |     4 |     2 ||     6
       Invisible         |     1 |       ||     1
Dodge: Dodged            |     1 |       ||     1
